 Dungeon Crawl Stone Soup version 0.30-a0-374-g95c0257040 (webtiles) character file.

Game seed: 12158833216400280567

11033 Depression the Tainter (level 11, -4/71 HPs)
             Began as an Octopode Venom Mage on Nov 25, 2022.
             Was an Elder of Kikubaaqudgha.
             Slain by an ice dragon (16 damage)
             ... on level 11 of the Dungeon on Nov 26, 2022.
             The game lasted 01:16:29 (12803 turns).

Depression the Tainter (Octopode Venom Mage)       Turns: 12803, Time: 01:16:29

Health: -4/71      AC:  2    Str: 14    XL:     11   Next: 71%
Magic:  13/36      EV: 13    Int: 22    God:    Kikubaaqudgha [****..]
Gold:   724        SH: 15    Dex: 12    Spells: 0/20 levels left

rFire   . . .      SeeInvis .    w - +8 spear "Olicwicw" {vamp, rPois rC+}
rCold   + . .      Faith    .    R - +0 kite shield
rNeg    . . .      Spirit   .    C - +1 hat
rPois   +          Reflect  +    N - amulet of reflection
rElec   .          Harm     .    n - ring of magical power {MP+9}
rCorr   .          Rampage  .    H - +6 ring of strength
Will    .....                    I - ring of magical power {MP+9}
Stlth   ++++......               (no ring)
HPRegen 0.31/turn                (no ring)
MPRegen 0.25/turn                (no ring)
                                 (no ring)
                                 (no ring)

@: about to teleport, studying Shields
A: almost no armour, amphibious, 8 rings, camouflage 1, gelatinous body 1,
(nimble swimmer 1), tentacles
a: Renounce Religion, Unearth Wretches


You were on level 11 of the Dungeon.
You worshipped Kikubaaqudgha.
Kikubaaqudgha was greatly pleased with you.
You visited 2 branches of the dungeon, and saw 12 of its levels.
You also visited: Bailey.

You collected 724 gold pieces.

Inventory:

Hand Weapons
 c - a +0 dagger
 w - the +8 spear "Olicwicw" (weapon) {vamp, rPois rC+}
   (You found it on level 3 of the Dungeon)

   It occasionally heals its wielder for a portion of the damage dealt when it
   wounds a living foe.
   rC:        It protects you from cold.
   rPois:     It protects you from poison.
Missiles
 b - 25 poisoned darts
 G - 13 boomerangs
 P - 23 javelins
Armour
 y - an orb of energy
 C - a +1 hat (worn)
 R - a +0 kite shield (worn)
Magical Staves
 l - a staff of earth
 F - a staff of fire {rF+}
Jewellery
 n - a ring of magical power (left tentacle) {MP+9}
 D - a ring of willpower
 H - a +6 ring of strength (right tentacle)
 I - a ring of magical power (on tentacle) {MP+9}
 N - an amulet of reflection (around mantle)
 U - an amulet of faith
Wands
 r - a wand of mindburst (26)
 E - a wand of flame (20) (quivered)
 L - a wand of acid (10)
 S - a wand of roots (7)
Scrolls
 d - a scroll of enchant armour {unknown}
 f - 4 scrolls of amnesia
 i - a scroll of vulnerability
 m - 2 scrolls of enchant weapon {unknown}
 o - 3 scrolls of teleportation
 q - a scroll of summoning {unknown}
 u - a scroll of noise
 v - a scroll of torment
 x - 2 scrolls of blinking
 B - a scroll of magic mapping {unknown}
 K - a scroll of poison {unknown}
Potions
 a - 3 potions of magic
 e - a potion of ambrosia {unknown}
 g - 4 potions of berserk rage
 h - 5 potions of might
 j - 2 potions of heal wounds {unknown}
 k - 8 potions of curing
 p - 3 potions of flight {unknown}
 s - 2 potions of mutation {unknown}
 t - 2 potions of cancellation {unknown}
 z - 4 potions of haste
 A - a potion of attraction {unknown}
 J - a potion of invisibility {unknown}
 M - 2 potions of degeneration {unknown}
 O - a potion of brilliance {unknown}
 Q - a potion of experience
 T - a potion of lignification {unknown}
Miscellaneous
 V - a phial of floods


   Skills:
 - Level 5.0 Fighting
 - Level 5.0 Dodging
 - Level 5.0 Stealth
 + Level 7.7 Shields
 - Level 5.0 Spellcasting
 - Level 1.0 Conjurations
 - Level 10.0 Necromancy
 - Level 2.0 Transmutations
 - Level 2.0 Fire Magic
 - Level 1.0 Air Magic
 + Level 2.7 Earth Magic
 + Level 12.5 Poison Magic


You couldn't memorise any spells.
You knew the following spells:

 Your Spells              Type           Power      Damage    Failure   Level
a - Poisonous Vapours     Pois/Air       70%        N/A       2%          2
b - Olgreb's Toxic Radia  Pois           57%        N/A       1%          4
c - Mephitic Cloud        Conj/Pois/Air  26%        N/A       10%         3
d - Ignite Poison         Fire/Tmut/Pois 29%        N/A       8%          3
e - Sting                 Tmut/Pois      100%       1d8       1%          1
f - Vampiric Draining     Necr           49%        2d9       1%          3
g - Dispel Undead         Necr           49%        3d18      4%          4

Your spell library contained the following spells:

 Spells                   Type           Power      Damage    Failure   Level
 Necrotise                Necr           100%       1d9       1%          1
 Cigotuvi's Dreadful Rot  Necr/Pois/Air  80%        N/A       1%          2
 Kiss of Death            Conj/Necr      100%       2d13      2%          1
 Spider Form              Tmut/Pois      37%        N/A       3%          3
 Beastly Appendage        Tmut           28%        N/A       11%         1
 Agony                    Necr           49%        N/A       11%         5
 Magic Dart               Conj           36%        1d4       16%         1
 Wereblood                Tmut           14%        N/A       16%         2
 Summon Small Mammal      Summ           20%        N/A       24%         1
 Call Imp                 Summ           5%         N/A       36%         2
 Kindle Blastsparks       Fire/Tloc/Air  18%        2d11      43%         3
 Borgnjor's Vile Clutch   Necr/Erth      16%        N/A       45%         5
 Death Channel            Necr           24%        N/A       52%         6
 Call Canine Familiar     Summ           5%         N/A       58%         3
 Frozen Ramparts          Ice            10%        1d2       58%         3
 Summon Guardian Golem    Hex/Summ       5%         N/A       58%         3
 Ice Form                 Ice/Tmut       9%         N/A       85%         4
 Fulminant Prism          Conj/Hex       3%         3d5       89%         4
 Iskenderun's Mystic Bla  Conj/Tloc      7%         2d4       89%         4
 Lee's Rapid Deconstruct  Erth           8%         3d7*      92%         5
 Summon Ice Beast         Ice/Summ       5%         N/A       94%         4
 Freezing Cloud           Conj/Ice/Air   4%         6-21      99%         5
 Simulacrum               Ice/Necr       13%        N/A       99%         6
 Malign Gateway           Summ/Tloc      2%         N/A       100%        7
 Orb of Destruction       Conj           4%         9d5       100%        7
 Spellforged Servitor     Conj/Summ      3%         N/A       100%        7
 Summon Horrible Things   Summ           2%         N/A       100%        8


Dungeon Overview and Level Annotations

Branches:
Dungeon (11/15) Zot: 26461  Temple (1/1) D:6 Zot: 5854    Lair (0/5) D:10
    Orc (0/2) D:10         Bailey (visited)

Altars:
Ashenzari
Cheibriados
Dithmenos
Elyvilon
Fedhas
Gozag
Hepliaklqana
Kikubaaqudgha
Makhleb
Nemelex Xobeh
Okawaru
Qazlal
Ru
Sif Muna
Trog
Uskayaw
Vehumet
Wu Jian
Xom
Yredelemnul
Zin
The Shining One

Shops:
D:2 ?   D:5 (   D:6 :

Portals:
Ice
Cave: D:11

Annotations:
D:2 Scroll shop
D:4 Ghost area, Wizop's ghost, amateur DsFE


Innate Abilities, Weirdness & Mutations

You cannot wear most types of armour.
You are amphibious.
You can wear up to eight rings at the same time.
Your skin changes colour to match your surroundings (Stealth+).
Your rubbery body absorbs attacks. (AC +1, EV +1)
((You are camouflaged when in or above water. (Stealth+)))
You have tentacles for arms and can constrict up to eight enemies at once.


Message History

The polar bear goes berserk!
Casting: Olgreb's Toxic Radiance (dangerous; 1% risk of failure)
Confirm with . or Enter, or press ? or * to list all spells.
Aiming: Vampiric Draining (safe; 1% risk of failure)
Press: ? - help, Shift-Dir - straight line, f - polar bear
Aim: a polar bear (almost dead, berserk, very poisoned)
You draw life force from the polar bear!
You feel life coursing into your body.
You kill the polar bear!
Kikubaaqudgha accepts your kill.
Casting: Vampiric Draining (safe; 1% risk of failure)
Confirm with . or Enter, or press ? or * to list all spells.
Aiming: Vampiric Draining (safe; 1% risk of failure)
Press: ? - help, Shift-Dir - straight line, f - ice dragon
Aim: an ice dragon You draw life force from the ice dragon!
You feel life coursing into your body.
Your toxic aura wanes.
The ice dragon breathes frost at you. The blast of cold hits you!! You resist.
Your magical contamination has completely faded away.
Casting: Vampiric Draining (safe; 1% risk of failure)
Confirm with . or Enter, or press ? or * to list all spells.
Aiming: Vampiric Draining (safe; 1% risk of failure)
Press: ? - help, Shift-Dir - straight line, f/p - ice dragon
Aim: an ice dragon (lightly wounded)
You draw life force from the ice dragon!
You feel life coursing into your body.
* * * LOW MAGIC WARNING * * *
You block the ice dragon's attack. The ice dragon claws you!
* * * LOW HITPOINT WARNING * * *
The ice dragon barely misses you.
As you read the scroll of teleportation, it crumbles to dust.
You feel strangely unstable. The ice dragon bites you!
* * * LOW HITPOINT WARNING * * *
The ice dragon claws you but does no damage.
The ice dragon tramples you!
You die...
Kikubaaqudgha rasps: "You have failed me!
Welcome... death!"

##### ########### ##
....# #.......... #.
....# #.......... #.
....# #.......... #.
....#####....# #.
....#........# ######.
......#.#....## # .
#......
..........##..####†#....
#......
....#.#.#.####.#@D..†.∩.
#...... ..........#
##.###..... #......
....###.#.# ### ...
#...... ###.###...# #
##...... #.......#
######....... #.#####.#
#...........< #.# #.#
#............ #.# #.#
#............ #.# #.#
#............


You could see an ice dragon.

Vanquished Creatures
  Snorg (D:10)
  A two-headed ogre (D:8)
  A cyclops (D:10)
  A manticore (D:11)
  Joseph (D:10)
  An unseen horror (D:10)
  3 polar bears (D:11)
  Prince Ribbit (D:8)
  A troll (D:11)
  A hornet (D:9)
  6 yaks
  A water moccasin (D:6)
  5 ice beasts
  3 sky beasts
  10 orc warriors
  A black bear (D:5)
  3 wolves (D:11)
  4 ogres
  16 centaurs
  A phantom (D:4)
  2 kobold brigands (D:9)
  6 bullfrogs
  2 necrophages
  12 wights
  5 killer bees (D:9)
  3 howler monkeys
  A gnoll bouda (D:7)
  5 orc priests
  A hound (D:7)
  3 jellies
  6 iguanas
  Terence (D:3)
  8 orc wizards
  8 gnolls
  7 adders
  2 ufetubi
  3 worms (D:2)
  A dart slug (D:3)
  69 orcs
  5 ball pythons
  5 bats
  4 endoplasms
  3 giant cockroaches
  10 goblins
  5 hobgoblins
  9 jackals
  2 quokkas (D:3)
  6 frilled lizards
  17 kobolds
  4 rats
277 creatures vanquished.

Vanquished Creatures (others)
  2 fungi (D:4)
  2 plants (D:4)
4 creatures vanquished.

Grand Total: 281 creatures vanquished

Notes
Turn   | Place    | Note
-------+----------+-------------------------------------------
     0 | D:1      | Depression the Octopode Venom Mage began the quest for the
                  | Orb.
     0 | D:1      | Reached XP level 1. HP: 11/11 MP: 3/3
   502 | D:1      | Reached skill level 3 in Stealth
   585 | D:1      | Reached XP level 2. HP: 15/17 MP: 0/5
   763 | D:2      | Reached skill level 4 in Poison Magic
   864 | D:2      | Reached XP level 3. HP: 21/21 MP: 6/6
   913 | D:2      | HP: 5/21 [poisoned by an adder]
   992 | D:1      | Learned a level 3 spell: Mephitic Cloud
  1206 | D:2      | Learned a level 3 spell: Ignite Poison
  1265 | D:2      | Reached XP level 4. HP: 17/27 MP: 4/8
  1292 | D:2      | Reached skill level 4 in Stealth
  1540 | D:2      | Found Rerabbei's Magic Scroll Shop.
  1968 | D:3      | Reached skill level 1 in Conjurations
  2004 | D:3      | Reached skill level 1 in Fire Magic
  2025 | D:3      | Reached XP level 5. HP: 29/31 MP: 8/9
  2097 | D:3      | Noticed Terence
  2138 | D:3      | Killed Terence
  2139 | D:3      | Reached skill level 3 in Spellcasting
  2139 | D:3      | Reached skill level 1 in Air Magic
  2415 | D:3      | Identified the +8 spear "Olicwicw" {vamp, rPois rC+}
  2725 | D:4      | Noticed a phantom
  2737 | D:4      | Killed a phantom
  2738 | D:4      | Reached skill level 5 in Stealth
  2738 | D:4      | Reached skill level 5 in Poison Magic
  2738 | D:4      | Reached XP level 6. HP: 13/36 MP: 11/11
  2743 | D:4      | Learned a level 4 spell: Olgreb's Toxic Radiance
  3119 | D:4      | Found a runed translucent gate.
  3119 | D:4      | Found a runed translucent gate.
  3119 | D:4      | Found a runed translucent gate.
  3119 | D:4      | Noticed Wizop's ghost (amateur DsFE)
  3703 | D:4      | Reached skill level 4 in Spellcasting
  3859 | D:4      | Found a blossoming altar of Fedhas.
  4357 | D:5      | Entered Level 5 of the Dungeon
  4357 | D:5      | Noticed a black bear
  4366 | D:5      | Killed a black bear
  4367 | D:5      | Reached skill level 6 in Poison Magic
  4367 | D:5      | Reached XP level 7. HP: 41/41 MP: 13/13
  4497 | D:5      | Reached skill level 5 in Spellcasting
  4649 | D:5      | Reached skill level 7 in Poison Magic
  4765 | D:5      | Reached skill level 8 in Poison Magic
  4765 | D:5      | Reached XP level 8. HP: 45/46 MP: 0/15
  5105 | D:5      | Found Nuofeyly's Antique Weapon Shop.
  5163 | D:5      | HP: 11/46 [acid (8)]
  5330 | D:5      | Learned a level 2 spell: Poisonous Vapours
  5528 | D:6      | Reached skill level 9 in Poison Magic
  5715 | D:6      | Found a faded altar of an unknown god.
  5715 | D:6      | Found a basalt altar of Yredelemnul.
  5725 | D:6      | Found a burning altar of Makhleb.
  5727 | D:6      | Found a bloodstained altar of Trog.
  5728 | D:6      | Found a hazy altar of Hepliaklqana.
  5750 | D:6      | Found a staircase to the Ecumenical Temple.
  5760 | Temple   | Entered the Ecumenical Temple
  5884 | Temple   | Became a worshipper of Kikubaaqudgha
  6014 | D:6      | Found a radiant altar of Vehumet.
  6087 | D:6      | Reached skill level 10 in Poison Magic
  6087 | D:6      | Reached skill level 1 in Necromancy
  6420 | D:6      | Reached skill level 2 in Necromancy
  6510 | D:6      | Reached skill level 3 in Necromancy
  7052 | D:6      | Found Sunu Ecoa's Book Emporium.
  7095 | D:7      | Reached skill level 2 in Transmutations
  7095 | D:7      | Reached skill level 2 in Fire Magic
  7095 | D:7      | Reached XP level 9. HP: 44/51 MP: 16/16
  7121 | D:7      | Reached skill level 4 in Necromancy
  7216 | D:7      | Reached skill level 5 in Necromancy
  7224 | D:7      | Reached skill level 1 in Fighting
  7371 | D:7      | Reached skill level 2 in Fighting
  7371 | D:7      | Reached skill level 3 in Dodging
  7764 | D:7      | Reached skill level 3 in Fighting
  7877 | D:7      | Reached skill level 4 in Dodging
  8207 | D:7      | Reached * piety under Kikubaaqudgha
  8207 | D:7      | Received a gift from Kikubaaqudgha
  8208 | D:7      | Reached skill level 4 in Fighting
  8212 | D:7      | Learned a level 3 spell: Vampiric Draining
  8825 | D:8      | Reached skill level 5 in Dodging
  8827 | D:8      | Reached ** piety under Kikubaaqudgha
  8829 | D:8      | Reached skill level 5 in Fighting
  8939 | D:8      | Noticed Prince Ribbit
  8953 | D:8      | Killed Prince Ribbit
  8954 | D:8      | Reached XP level 10. HP: 66/66 MP: 17/17
  9177 | D:8      | Noticed a two-headed ogre
  9185 | D:8      | Killed a two-headed ogre
  9186 | D:8      | Reached skill level 7 in Necromancy
  9768 | D:9      | Reached skill level 8 in Necromancy
 10322 | D:10     | Entered Level 10 of the Dungeon
 10322 | D:10     | Found a staircase to the Orcish Mines.
 10436 | D:10     | Found a flagged portal.
 10438 | D:10     | Reached *** piety under Kikubaaqudgha
 10438 | D:10     | Received a gift from Kikubaaqudgha
 10455 | Bailey   | Entered a bailey
 10545 | Bailey   | Reached skill level 9 in Necromancy
 10923 | Bailey   | Reached skill level 10 in Necromancy
 11027 | Bailey   | Reached **** piety under Kikubaaqudgha
 11090 | Bailey   | Reached XP level 11. HP: 57/71 MP: 18/18
 11221 | D:10     | Noticed Snorg
 11229 | D:10     | Killed Snorg
 11230 | D:10     | Reached skill level 3 in Shields
 11230 | D:10     | Reached skill level 11 in Poison Magic
 11315 | D:10     | Reached skill level 4 in Shields
 11498 | D:10     | Noticed Joseph
 11502 | D:10     | Killed Joseph
 11503 | D:10     | Noticed a cyclops
 11512 | D:10     | Killed a cyclops
 11513 | D:10     | Reached skill level 5 in Shields
 11666 | D:10     | Reached skill level 6 in Shields
 11925 | D:10     | Found a staircase to the Lair.
 12027 | D:10     | Reached skill level 12 in Poison Magic
 12231 | D:10     | Learned a level 4 spell: Dispel Undead
 12309 | D:11     | Reached skill level 1 in Earth Magic
 12414 | D:11     | Found a broken altar of Ashenzari.
 12455 | D:11     | Noticed a manticore
 12538 | D:11     | Killed a manticore
 12539 | D:11     | Reached skill level 7 in Shields
 12714 | D:11     | Noticed a two-headed ogre
 12789 | D:11     | Found a frozen archway.
 12791 | D:11     | Noticed an ice dragon
 12797 | D:11     | Reached skill level 2 in Earth Magic
 12803 | D:11     | HP: 12/71 [ice dragon (15)]
 12803 | D:11     | Slain by an ice dragon

Illustrated notes

Levels and vault maps discovered:
D:1:      dpeg_arrival_arbitrary_c, layout_basic
D:2:      layout_loops_ring, serial_shops, shop
D:3:      layout_loops_cross, minmay_bisected, uniq_terence
D:4:      layout_layer_cave, lemuel_round_altar, gammafunk_ghost_nasty_kobolds
D:5:      layout_cave_pools, serial_shops, nicolae_lakefront_shop,
          chequers_serial_rivers_large_a
D:6:      layout_basic, chequers_temple_overflow_minitemple,
          fiery_altar_vehumet, minmay_temple_entry_waves, serial_shops, shop,
          grunt_decor_junction
D:7:      layout_basic, kennysheep_small_circle
D:8:      layout_basic, special_room [special_room_orc], corner_web_ring,
          nrook_mini_vaults, uniq_prince_ribbit1
D:9:      layout_roguey, nrook_mini_backslash
D:10:     layout_stronghold, lair_entry_dummy, orc_0_dummy, enter_bailey_5,
          uniq_snorg, uniq_joseph
D:11:     minmay_the_grid_3x3 [minmay_the_grid_tiny_cups,
          minmay_the_grid_expand, minmay_the_grid_square_x,
          minmay_the_grid_spikes, minmay_the_grid_x,
          minmay_the_grid_minigrid_small_alt, minmay_the_grid_dragon_a,
          minmay_the_grid_eight, minmay_the_grid_prize_diamond_cup],
          layout_small_grid, portal_ice_cave_entry_animals_and_master,
          glass_columns_a, evilmike_ruin_ashenzari
Temple:   nicolae_temple_elliptical

Skill      XL: |  1  2  3  4  5  6  7  8  9 10 11 |
---------------+----------------------------------+-----
Stealth        | 3 4 5 |  5.0
Poison Magic   | 4 5 6 8 10 12 | 12.5
Conjurations   | 1 |  1.0
Fire Magic     | 1 2 |  2.0
Spellcasting   | 3 4 5 |  5.0
Air Magic      | 1 |  1.0
Necromancy     | 3 5 10 | 10.0
Transmutations | 2 |  2.0
Fighting       | 5 |  5.0
Dodging        | 5 |  5.0
Shields        | 7 |  7.7
Earth Magic    | 2 |  2.7

Action                   |  1- 3 |  4- 6 |  7- 9 | 10-12 || total
-------------------------+-------+-------+-------+-------++-------
Melee: Dagger            |    17 |    19 |       |       ||    36
       Constrict         |     5 |     7 |    11 |     7 ||    30
       Tentacles         |     2 |     7 |    15 |     4 ||    28
       Spear             |       |    15 |    56 |    25 ||    96
       Punch             |       |     2 |     2 |       ||     4
Throw: Dart              |     3 |     5 |       |       ||     8
 Cast: Sting             |    27 |    88 |    33 |       ||   148
       Mephitic Cloud    |       |     5 |    22 |    17 ||    44
       Ignite Poison     |       |     2 |    41 |    42 ||    85
       Poisonous Vapours |       |       |    46 |    52 ||    98
       Olgreb's Toxic Ra |       |       |    10 |    19 ||    29
       Vampiric Draining |       |       |       |     3 ||     3
Evoke: Wand              |       |       |     1 |       ||     1
  Use: Scroll            |       |       |     4 |     8 ||    12
 Stab: Sleeping          |     7 |     7 |     2 |     1 ||    17
Armor: Skin              |     3 |     3 |     7 |     5 ||    18
Dodge: Dodged            |    18 |    31 |    41 |    29 ||   119
Block: Other             |       |       |       |     5 ||     5
       Kite shield       |       |       |       |    10 ||    10
       Reflection        |       |       |       |     4 ||     4

Table legend: (Time is in decaauts)
 A = Elapsed time spent in this place.
 B = Non-inter-level travel time spent in this place.
 C = Inter-level travel time spent in this place.
 D = Time resting spent in this place.
 E = Time spent auto-exploring this place.
 F = Levels seen in this place.
 G = Mean time per level.
                   A        B        C        D        E       F      G
               +--------+--------+--------+--------+--------+-----+--------+
         Total |  12813 |  12377 |    436 |   2740 |   4299 |  13 |  985.6 |
       Dungeon |  11905 |  11489 |    416 |   2448 |   4054 |  11 | 1082.3 |
        Temple |    145 |    125 |     20 |      0 |     80 |   1 |  145.0 |
        Bailey |    762 |    762 |      0 |    292 |    165 |   1 |  762.0 |
               +--------+--------+--------+--------+--------+-----+--------+

Top non-repeatable levels by time:
     D:4: 1927 daAuts
     D:7: 1560 daAuts
     D:6: 1441 daAuts
    D:10: 1182 daAuts
     D:2: 1176 daAuts
     D:8: 1024 daAuts
     D:5: 884 daAuts
     D:3: 774 daAuts
  Bailey: 762 daAuts
     D:1: 747 daAuts
     D:9: 647 daAuts
    D:11: 537 daAuts
  Temple: 145 daAuts
